 Dungeon Crawl Stone Soup version 0.21.1-1-g345015f (webtiles) character file.

171145 rabel the Earth Mage (level 18, -2/105 HPs)
             Began as a Gargoyle Earth Elementalist on May 14, 2018.
             Was a High Priest of Sif Muna.
             Slain by a merfolk impaler
             ... wielding a +0 trident
              (12 damage)
             ... on level 2 of the Shoals on May 15, 2018.
             The game lasted 07:55:43 (43392 turns).

rabel the Earth Mage (Gargoyle Earth Elementalist) Turns: 43392, Time: 07:55:44

Health: -2/105     AC: 29    Str: 15    XL:     18   Next: 0%
Magic:  5/43       EV: 14    Int: 20    God:    Sif Muna [*****.]
Gold:   2578       SH:  5    Dex: 13    Spells: 3/42 levels left

rFire    + + .     SeeInvis .   M - +6 hand axe "Ocirphoj" {chop, MP+9 Str+2}
rCold    + + .     Gourm    .   (no shield)
rNeg     + . .     Faith    .   r - +2 troll leather armour
rPois    ∞         Spirit   .   t - +2 hat
rElec    +         Reflect  +   e - scarf {rC+ rF+}
rCorr    +         Harm     .   U - +2 pair of gloves {archery}
MR       ++...                  i - +2 pair of boots
Stlth    +++.......             O - +5 amulet of reflection
HPRegen  0.67/turn              x - ring of wizardry
MPRegen  0.28/turn              R - ring of protection from magic

@: resistant, flying, mesmerised, divine energy
A: big wings, negative energy resistance 1, electricity resistance, unbreathing,
petrification resistance, rot immunity, AC +13
a: Stop Flying, Stop Divine Energy, Channel Magic, Forget Spell, Renounce
Religion


You were on level 2 of the Shoals.
You worshipped Sif Muna.
Sif Muna was extremely pleased with you.
You were very hungry.

You visited 6 branches of the dungeon, and saw 29 of its levels.
You also visited: Sewer, Ice Cave and Volcano.

You collected 3034 gold pieces.
You spent 456 gold pieces at shops.

Inventory:

Hand Weapons
 a - the +8 great mace of Boat {venom, Int+7}
   (You found it on level 6 of the Lair of Beasts)

   It poisons the flesh of those it strikes.
   It affects your intelligence (+7).
 b - a +2 longbow of flaming
 c - a +0 dagger of speed
 d - a +2 flail of holy wrath
 m - a +2 whip of electrocution
 s - a +0 blowgun
 u - a +2 battleaxe of freezing
 M - the +6 hand axe "Ocirphoj" (weapon) {chop, MP+9 Str+2}
   (You found it on level 6 of the Dungeon)

   It inflicts extra damage upon your enemies.
   It affects your strength (+2).
   It affects your magic capacity (+9).
 T - a +2 whip of venom
Missiles
 h - 164 poisoned needles
 k - 655 stones (quivered)
 w - 542 arrows
 K - 5 curare-tipped needles
 S - 3 exploding tomahawks
Armour
 e - a scarf of resistance (worn)
 i - a +2 pair of boots (worn)
 r - a +2 troll leather armour (worn)
 t - a +2 hat (worn)
 v - a +2 buckler
 U - a +2 pair of gloves of archery (worn)
Jewellery
 g - an uncursed ring of protection from cold
 n - an uncursed ring of stealth
 x - a ring of wizardry (left hand)
 O - a +5 amulet of reflection (around neck)
 Q - an uncursed ring of positive energy
 R - a ring of protection from magic (right hand)
 W - an uncursed ring of resist corrosion
 Z - an uncursed ring of protection from fire
Wands
 q - a wand of paralysis (18)
 A - a wand of digging (6)
 D - a wand of iceblast (24)
 H - a wand of disintegration (16)
 V - a wand of enslavement (3)
Scrolls
 f - 2 scrolls of identify
 p - 4 scrolls of fog
 z - 4 scrolls of blinking
 F - 2 scrolls of remove curse
 L - a scroll of teleportation
Potions
 j - 6 potions of heal wounds
 l - 8 potions of curing
 C - a potion of degeneration {unknown}
 G - a potion of resistance
 N - a potion of invisibility
Comestibles
 B - 41 rations


   Skills:
 - Level 9.1 Fighting
 - Level 4.0(9.1) Axes
 + Level 13.3(13.5) Maces & Flails
 - Level 4.0 Bows
 - Level 8.1 Armour
 - Level 4.5 Dodging
 - Level 7.0 Stealth
 - Level 4.0 Shields
 + Level 12.9 Spellcasting
 * Level 12.2 Conjurations
 - Level 0.7 Transmutations
 * Level 17.1 Earth Magic
 * Level 9.4 Evocations


You had 3 spell levels left.
You knew the following spells:

 Your Spells              Type           Power        Failure   Level  Hunger
a - Sandblast             Erth           ######       0%          1    None
b - Passwall              Tmut/Erth      #####.....   1%          2    None
c - Stone Arrow           Conj/Erth      ######       1%          3    None
d - Lee's Rapid Deconstr  Erth           ######....   1%          5    ####...
e - Petrify               Tmut/Erth      #####...     1%          4    None
f - Iron Shot             Conj/Erth      ######....   1%          6    #####..
g - Bolt of Magma         Conj/Fire/Erth ######....   1%          5    ####...
h - Summon Butterflies    Summ           ##......     2%          1    None
i - Swiftness             Chrm/Air       ##......     4%          2    None
j - Fireball              Conj/Fire      #####.....   6%          5    ####...
k - Mephitic Cloud        Conj/Pois/Air  ####....     1%          3    None
l - Blink                 Tloc           N/A          4%          2    None


Dungeon Overview and Level Annotations

Branches:
Dungeon (15/15) Temple (1/1) D:7 Lair (6/6) D:11 Shoals (2/4) Lair:3 Spider (3/4) Lair:3 Slime (0/5) Lair:5 Orc (2/2) D:12 Elf (0/3) Orc:2 Vaults (0/5) D:12 D:13 Depths: D:15

Altars:
Ashenzari
Elyvilon
Fedhas
Kikubaaqudgha
Makhleb
Nemelex Xobeh
Okawaru
Qazlal
Ru
Sif Muna
Trog
Uskayaw
Vehumet
Wu Jian
Xom
Yredelemnul
The Shining One

Shops:
D:4 [   D:14 ?   Orc:2 :*[   Shoals:1 }

Annotations:
D:1 with zoo
D:2 Sigmund
D:8 Alte's ghost, journeyman MiBe
Temple stash
Spider:1 Asterion


Innate Abilities, Weirdness & Mutations

You are resistant to torment.
Your stone body is resilient. (AC +13)
You are immune to poison.
Your large and strong wings let you fly indefinitely.
You resist negative energy. (rN+)
You are resistant to electric shocks. (rElec)
You can survive without breathing.
You are immune to petrification.
You are immune to rotting.


Message History

You block the faun's attack.
The merfolk siren hits the faun with a spear!
The faun is killed!
Sif Muna accepts your kill.
You hear a splash. x3
The merfolk hits you but does no damage.
As you read the scroll of summoning, it crumbles to dust.
Wisps of shadow whirl around you...
The merfolk siren chants its luring song.
The faun hits you with an uncursed spear.
* * * LOW HITPOINT WARNING * * *
The merfolk impaler hits you from afar with a trident!
* * * LOW HITPOINT WARNING * * *
The merfolk completely misses you.
The satyr plays a rousing melody on his pipes!
The fauns go into a battle-frenzy!
The faun hits you from afar with an uncursed spear.
* * * LOW HITPOINT WARNING * * *
The merfolk impaler hits you from afar with a trident!
You die...

≈≈≈≈≈≈≈≈≈≈≈≈≈≈≈
≈≈≈≈≈≈≈≈≈≈≈≈≈≈≈
≈≈≈≈≈≈≈≈≈≈≈≈≈≈≈
≈≈≈≈≈≈≈≈≈≈≈≈≈≈≈
≈≈≈≈≈≈≈≈≈≈≈≈≈≈≈
≈≈≈.≈≈≈k≈m≈≈≈≈≈
≈≈≈≈.m†≈)m≈≈≈≈≈
≈≈≈≈.m(@Hc≈≈≈≈≈
≈≈≈..(.ccc.c≈≈≈
≈≈≈..m###.cc≈)(
.≈≈... ..$≈≈≈
.≈≈≈≈ ..≈≈.
≈.≈m≈ ..≈≈>
≈... ≈≈≈≈ .≈(#
≈≈≈≈


You could see a merfolk impaler, a satyr, 2 merfolk, 2 fauns, 2 merfolk sirens,
a friendly merfolk avatar, a friendly juvenile firesting beast (fleeing), a
friendly wind drake and 4 friendly fauns.

Vanquished Creatures
  A frost giant (IceCv)
  An orc warlord (Orc:2)
  An emperor scorpion (Spider:3)
  3 entropy weavers
  The ghost of Paroid the Brawler, a journeyman TrTm of Qazlal (Lair:6)
  Azrael (D:12)
  Nessos (Lair:4)
  A spark wasp (Spider:3)
  2 merfolk impalers (Shoals:1)
  Erolcha (D:11)
  Fannar (D:11)
  10 hydras
  3 catoblepae (Lair:6)
  Erica (Lair:1)
  2 centaur warriors
  17 death yaks
  7 two-headed ogres
  2 tengu warriors
  2 death knights
  A queen ant (Lair:5)
  4 orc high priests (Orc:2)
  Urug (Lair:2)
  Sonja (D:11)
  8 skeletal warriors
  3 sea snakes (Shoals:1)
  An unseen horror (D:15)
  2 phantasmal warriors
  A wizard (D:14)
  A deep elf mage (D:15)
  A lindwurm (Lair:6)
  5 harpies
  4 orc knights
  An anaconda skeleton (Volcano)
  9 orb spiders
  6 orc sorcerers
  A salamander (D:15)
  6 wolf spiders
  11 ugly things
  4 cyclopes
  A toenail golem (Volcano)
  8 manticores
  A moth of wrath (Spider:3)
  7 fauns
  12 elephants
  An ice statue (IceCv)
  3 black mambas
  4 merfolk sirens
  5 gargoyles
  13 spiny frogs
  3 water nymphs (Shoals:2)
  4 demonic crawlers
  3 freezing wraiths
  A kobold demonologist (D:10)
  10 rime drakes
  7 komodo dragons
  2 merfolk
  13 jumping spiders
  A jumping spider (shapeshifter) (D:12)
  13 trolls
  A tengu conjurer (Shoals:1)
  A queen bee (Lair:3)
  9 slime creatures
  4 hornets
  15 polar bears
  2 snapping turtles (Shoals:1)
  8 blink frogs (Lair:1)
  3 harpy skeletons (Volcano)
  26 hippogriffs
  4 dream sheep (Lair:6)
  3 shadows
  35 redbacks
  2 flying skulls (Volcano)
  13 tarantellas
  74 yaks
  A wraith (D:14)
  24 wyverns
  16 humans
  13 basilisks
  6 fire elementals
  4 hungry ghosts
  2 wargs (Orc:1)
  6 vampire mosquitoes
  25 soldier ants
  2 acid dragons
  3 hell hounds
  6 water moccasins
  34 orc warriors
  9 porcupines
  3 ice beasts
  4 sky beasts
  3 eyes of draining
  4 phantoms
  12 ogres
  28 wolves
  9 centaurs
  12 crocodiles
  A big kobold (D:7)
  24 bullfrogs
  A water moccasin zombie (D:9)
  4 scorpions
  3 spriggan skeletons (Volcano)
  2 troll zombies (D:12)
  37 killer bees
  A troll skeleton (Volcano)
  3 howler monkeys
  6 electric eels
  7 centaur zombies
  3 bullfrog zombies
  12 crimson imps
  4 quasits
  7 hounds
  16 jellies
  3 bullfrog skeletons
  5 centaur skeletons
  28 orc priests
  30 orc wizards
  Jessica (D:3)
  Natasha (thrice) (D:3)
  5 iguanas
  23 worker ants
  A hell rat (D:11)
  6 ogre zombies (D:12)
  3 naga skeletons (Volcano)
  A hound skeleton (D:7)
  2 worker ant zombies
  11 adders
  3 river rats (D:4)
  4 shadow imps
  12 white imps (Lair:4)
  25 oozes
  An adder skeleton (D:5)
  An adder zombie (D:6)
  11 worms
  3 leopard geckos
  101 orcs
  6 bats
  10 giant cockroaches
  6 goblins
  7 hobgoblins
  5 jackals (D:1)
  25 kobolds
  6 quokkas
  A ball python (Sewer)
  4 frilled lizards
  A goblin skeleton (D:12)
  3 goblin zombies (D:12)
  3 hobgoblin skeletons (D:12)
  A hobgoblin zombie (D:12)
  A jackal skeleton (D:7)
  A leopard gecko zombie (D:4)
  5 orc skeletons (D:12)
  12 orc zombies (D:12)
  15 rats
  A plant (Lair:5)
1194 creatures vanquished.

Vanquished Creatures (collateral kills)
  A hydra (Lair:4)
  A rime drake (Lair:4)
  A wyvern (Lair:4)
  2 basilisks (Lair:4)
  A crocodile (D:11)
6 creatures vanquished.

Vanquished Creatures (others)
  2 hydras (Lair:4)
  A catoblepas (Lair:5)
  A flying skull (Volcano)
  A porcupine (Lair:5)
  A bush (Lair:5)
  22 fungi
  26 plants
54 creatures vanquished.

Grand Total: 1254 creatures vanquished

Notes
Turn   | Place    | Note
-------+----------+-------------------------------------------
     0 | D:1      | rabel the Gargoyle Earth Elementalist began the quest for the Orb.
     0 | D:1      | Reached XP level 1. HP: 10/10 MP: 3/3
     1 | D:1      | Found a runed door.
   561 | D:1      | Reached skill level 4 in Earth Magic
   561 | D:1      | Reached XP level 2. HP: 14/15 MP: 3/5
  1023 | D:2      | Noticed Sigmund
  1388 | D:2      | Reached XP level 3. HP: 19/19 MP: 3/6
  2335 | D:3      | Noticed Jessica
  2342 | D:3      | Killed Jessica
  2342 | D:3      | Reached XP level 4. HP: 24/24 MP: 5/7
  2621 | D:3      | Noticed Natasha
  2625 | D:3      | Killed Natasha
  2872 | D:3      | Learned a level 2 spell: Passwall
  2876 | D:3      | Learned a level 3 spell: Stone Arrow
  2889 | D:3      | Noticed Natasha
  2897 | D:3      | Killed Natasha
  2897 | D:3      | Reached skill level 5 in Earth Magic
  2897 | D:3      | Reached XP level 5. HP: 28/28 MP: 5/8
  3038 | D:3      | Noticed Natasha
  3049 | D:3      | Killed Natasha
  3516 | D:4      | Found a shimmering altar of Xom.
  3563 | D:4      | Reached XP level 6. HP: 32/32 MP: 10/10
  3589 | D:4      | Found an ancient bone altar of Kikubaaqudgha.
  3798 | D:4      | Found a glowing drain.
  3805 | Sewer    | Entered a sewer
  4477 | D:4      | Reached skill level 6 in Earth Magic
  4483 | D:4      | Reached skill level 1 in Maces & Flails
  4483 | D:4      | Reached skill level 5 in Stealth
  4483 | D:4      | Reached XP level 7. HP: 35/36 MP: 11/11
  4754 | D:4      | Found Fips's Antique Armour Boutique.
  4757 | D:4      | Bought a glowing robe for 81 gold pieces
  4863 | D:4      | Found a sacrificial altar of Ru.
  4956 | D:5      | Entered Level 5 of the Dungeon
  5441 | D:5      | Reached XP level 8. HP: 40/41 MP: 13/13
  5587 | D:5      | Reached skill level 7 in Earth Magic
  5768 | D:6      | Identified 3 scrolls of acquirement
  5988 | D:6      | Noticed a dagger
  5988 | D:6      | Found a hide-covered altar of Uskayaw.
  5993 | D:6      | Noticed a hand axe
  6047 | D:6      | Got a scorched hand axe
  6071 | D:6      | Noticed a hippogriff
  6107 | D:6      | Killed a hippogriff
  6382 | D:6      | Reached skill level 8 in Earth Magic
  6383 | D:6      | Reached skill level 1 in Fighting
  6695 | D:6      | Reached XP level 9. HP: 47/47 MP: 15/15
  6897 | D:7      | Got a jewelled short sword
  6925 | D:7      | Found a staircase to the Ecumenical Temple.
  6965 | Temple   | Entered the Ecumenical Temple
  6968 | Temple   | Identified the cursed +2 short sword of Supply {venom, rN+ MR+} (You found it on level 7 of the Dungeon)
  6987 | Temple   | Identified the +6 hand axe "Ocirphoj" {chop, MP+9 Str+2} (You found it on level 6 of the Dungeon)
  7050 | Temple   | Became a worshipper of Sif Muna the Loreminder
  7458 | D:7      | Noticed a brown ugly thing
  7481 | D:7      | Killed a brown ugly thing
  7481 | D:7      | Reached skill level 5 in Spellcasting
  7481 | D:7      | Reached skill level 9 in Earth Magic
  7707 | D:7      | Reached skill level 5 in Maces & Flails
  7784 | D:7      | Reached * piety under Sif Muna
  8065 | D:7      | Learned a level 5 spell: Lee's Rapid Deconstruction
  8234 | D:8      | Reached XP level 10. HP: 56/56 MP: 17/17
  8353 | D:8      | Reached skill level 1 in Armour
  8413 | D:8      | Noticed Alte's ghost (journeyman MiBe)
  8655 | D:8      | Noticed a two-headed ogre
  8663 | D:8      | Killed a two-headed ogre
  8663 | D:8      | Reached skill level 10 in Earth Magic
  8716 | D:8      | Found a white marble altar of Elyvilon.
  9641 | D:9      | Found a sparkling altar of Nemelex Xobeh.
  9692 | D:9      | Found an ornate altar of the Wu Jian Council.
 10173 | D:9      | Reached ** piety under Sif Muna
 10349 | D:9      | Found an iron altar of Okawaru.
 10468 | D:9      | Found a blossoming altar of Fedhas.
 10469 | D:9      | Found a shattered altar of Ashenzari.
 10475 | D:9      | Found a stormy altar of Qazlal.
 10558 | D:9      | Reached XP level 11. HP: 60/62 MP: 18/21
 10559 | D:9      | Reached skill level 11 in Earth Magic
 10585 | D:9      | Noticed a moth of wrath
 10631 | D:9      | Found a bloodstained altar of Trog.
 11043 | D:10     | Entered Level 10 of the Dungeon
 11296 | D:10     | Reached skill level 5 in Fighting
 11302 | D:10     | Learned a level 4 spell: Petrify
 12771 | D:11     | Reached *** piety under Sif Muna
 12934 | D:11     | Noticed a death yak
 13027 | D:11     | Killed a death yak
 13042 | D:11     | Noticed a death yak
 13044 | D:11     | Noticed a death yak
 13045 | D:11     | Noticed Sonja
 13236 | D:11     | Noticed Erolcha
 13237 | D:11     | Found a shimmering altar of Xom.
 13422 | D:11     | Reached skill level 12 in Earth Magic
 13563 | D:11     | Killed Erolcha
 13704 | D:11     | Reached XP level 12. HP: 70/70 MP: 24/24
 13727 | D:11     | Found a staircase to the Lair.
 14003 | D:11     | Killed a death yak
 14003 | D:11     | Reached skill level 5 in Armour
 14048 | D:11     | Killed a death yak
 14356 | D:11     | Noticed Fannar
 14629 | D:11     | Killed Sonja
 14656 | Lair:1   | Entered Level 1 of the Lair of Beasts
 14939 | Lair:1   | Reached **** piety under Sif Muna
 15160 | Lair:1   | Noticed Erica
 15423 | Lair:1   | Killed Erica
 15532 | Lair:1   | Reached skill level 13 in Earth Magic
 15801 | Lair:2   | Noticed Urug
 15822 | Lair:2   | Killed Urug
 16207 | Lair:2   | Reached skill level 10 in Maces & Flails
 16437 | Lair:2   | Reached XP level 13. HP: 76/76 MP: 26/26
 16453 | Lair:2   | Reached skill level 1 in Shields
 17282 | Lair:2   | Reached skill level 1 in Conjurations
 18139 | Lair:3   | Reached ***** piety under Sif Muna
 18149 | Lair:3   | Identified Sif Muna's Guide on the Entourage and Malediction (Sif Muna gifted it to you on level 3 of the Lair of Beasts)
 18149 | Lair:3   | Received a gift from Sif Muna
 18826 | Lair:3   | Found a hole to the Spider Nest.
 18980 | Lair:3   | Found a staircase to the Shoals.
 19305 | Lair:4   | Reached skill level 10 in Spellcasting
 19408 | Lair:4   | Noticed Nessos
 19455 | Lair:4   | Killed Nessos
 19763 | Lair:4   | Found a frozen archway.
 19848 | IceCv    | Entered an ice cave
 20048 | IceCv    | Reached skill level 5 in Conjurations
 20068 | IceCv    | Gained mutation: Your large and strong wings let you fly indefinitely. [Gargoyle growth]
 20068 | IceCv    | Reached XP level 14. HP: 66/84 MP: 28/28
 20798 | IceCv    | Reached skill level 14 in Earth Magic
 21016 | IceCv    | Noticed a frost giant
 21053 | IceCv    | Reached skill level 1 in Evocations
 21058 | IceCv    | Killed a frost giant
 21058 | IceCv    | Identified Xubacuydu's Collected Works on Conjuration (Sif Muna gifted it to you in an ice cave)
 21058 | IceCv    | Received a gift from Sif Muna
 21551 | Lair:2   | Learned a level 6 spell: Iron Shot
 23876 | Lair:5   | Found a staircase to the Slime Pits.
 24388 | Lair:6   | Entered Level 6 of the Lair of Beasts
 24612 | Lair:6   | Found a dark tunnel.
 24617 | Lair:6   | Reached skill level 1 in Bows
 24617 | Lair:6   | Reached XP level 15. HP: 71/90 MP: 18/30
 24671 | Volcano  | Entered a volcano
 25028 | Volcano  | Reached skill level 1 in Axes
 25291 | Lair:6   | Noticed Paroid's ghost (journeyman TrTm)
 25853 | Lair:5   | Identified Sif Muna's Papyrus of Confrontation and Toxins (Sif Muna gifted it to you on level 5 of the Lair of Beasts)
 25853 | Lair:5   | Received a gift from Sif Muna
 26091 | Lair:6   | Killed Paroid's ghost
 27382 | Lair:2   | Learned a level 5 spell: Bolt of Magma
 27979 | Lair:6   | Reached skill level 5 in Evocations
 28371 | Lair:6   | Got a fine great mace
 28373 | Lair:6   | Identified the +8 great mace of Boat {venom, Int+7} (You found it on level 6 of the Lair of Beasts)
 28789 | Lair:2   | Learned a level 3 spell: Stone Arrow
 28811 | Lair:2   | Learned a level 1 spell: Summon Butterflies
 28814 | Lair:2   | Learned a level 2 spell: Swiftness
 28820 | Lair:2   | Learned a level 5 spell: Fireball
 29070 | D:4      | Bought a pair of runed boots for 165 gold pieces
 29436 | D:10     | Got a smelly chain mail
 29494 | D:11     | Killed Fannar
 29843 | D:12     | Noticed Azrael
 30499 | D:12     | Found a staircase to the Orcish Mines.
 30745 | D:12     | Killed Azrael
 30745 | D:12     | Reached XP level 16. HP: 16/96 MP: 22/32
 30978 | D:12     | Reached skill level 15 in Earth Magic
 31246 | Orc:1    | Entered Level 1 of the Orcish Mines
 31731 | Orc:2    | Entered Level 2 of the Orcish Mines
 32213 | Orc:2    | Found a staircase to the Elven Halls.
 32233 | Orc:2    | Received a gift from Sif Muna
 32821 | Orc:2    | Found Josa's General Store.
 32835 | Orc:2    | Found Ocikonuh's Antique Armour Shoppe.
 32835 | Orc:2    | Found Tuirryah's Antique Weapon Shoppe.
 32837 | Orc:2    | Found Qutzi's Book Emporium.
 32841 | Orc:2    | Bought a potion of mutation for 120 gold pieces
 33597 | D:13     | Found a gate to the Vaults.
 34214 | D:13     | Reached skill level 10 in Conjurations
 35236 | D:14     | Found Texzi's Magic Scroll Emporium.
 35244 | D:14     | Bought a scroll of holy word for 90 gold pieces
 35518 | D:14     | Learned a level 3 spell: Mephitic Cloud
 35837 | D:14     | Identified Sif Muna's Incunabulum of Augmentations and Envenoming (Sif Muna gifted it to you on level 14 of the Dungeon)
 35837 | D:14     | Received a gift from Sif Muna
 36252 | D:15     | Entered Level 15 of the Dungeon
 36434 | D:15     | Reached skill level 16 in Earth Magic
 36534 | D:14     | Reached XP level 17. HP: 61/100 MP: 9/33
 38376 | Lair:2   | Learned a level 2 spell: Blink
 38436 | Spider:1 | Entered Level 1 of the Spider Nest
 38452 | Spider:1 | Noticed Asterion
 39892 | Spider:2 | Received a gift from Sif Muna
 40102 | Spider:2 | Got a smoking spear
 42135 | Shoals:1 | Entered Level 1 of the Shoals
 42498 | Shoals:1 | Found Edoabloxt's Gadget Emporium.
 42583 | Shoals:1 | Reached skill level 17 in Earth Magic
 43383 | Shoals:2 | Reached XP level 18. HP: 48/105 MP: 2/34
 43392 | Shoals:2 | Slain by a merfolk impaler

Skill      XL: |  1  2  3  4  5  6  7  8  9 10 11 12 13 14 15 16 17 |
---------------+----------------------------------------------------+-----
Earth Magic    | 4 5 6 8 9 10 12 13 14 16 17 | 17.1
Stealth        | 3 4 5 6 7 |  7.0
Dodging        | 2 3 4 |  4.5
Spellcasting   | 3 4 5 6 8 9 10 11 12 | 12.9
Maces & Flails | 1 2 3 5 7 8 10 11 12 13 | 13.3
Fighting       | 1 3 4 6 7 8 9 |  9.1
Armour         | 3 4 6 7 8 |  8.1
Shields        | 3 4 |  4.0
Conjurations   | 5 7 9 10 12 | 12.2
Evocations     | 3 5 7 9 |  9.4
Bows           | 1 3 4 |  4.0
Axes           | 3 4 |  4.0
Transmutations | |  0.7

Action                   |  1- 3 |  4- 6 |  7- 9 | 10-12 | 13-15 | 16-18 || total
-------------------------+-------+-------+-------+-------+-------+-------++-------
Melee: Unarmed           |     6 |       |       |       |       |       ||     6
       Club              |    32 |       |       |       |       |       ||    32
       Dagger            |    11 |   107 |    17 |    29 |    37 |    10 ||   211
       Whip              |       |    51 |   149 |   740 |  1223 |       ||  2163
       Flail             |       |     6 |    64 |    61 |   244 |    24 ||   399
       Hand axe          |       |       |    38 |     3 |   224 |   141 ||   406
       Battleaxe         |       |       |       |       |   395 |    23 ||   418
       Great mace        |       |       |       |       |    65 |   717 ||   782
       Dire flail        |       |       |       |       |    15 |       ||    15
       Quarterstaff      |       |       |       |       |     9 |    18 ||    27
 Fire: Hunting sling     |       |     9 |    44 |    48 |       |       ||   101
       Blowgun           |       |       |       |    20 |   112 |       ||   132
       Shortbow          |       |       |       |    19 |     2 |       ||    21
       Longbow           |       |       |       |       |   102 |   359 ||   461
Throw: Tomahawk          |       |       |     3 |    25 |     2 |       ||    30
       Stone             |       |       |       |     1 |     6 |     3 ||    10
 Cast: Sandblast         |    23 |    36 |    67 |    70 |    30 |    28 ||   254
       Stone Arrow       |       |       |       |    22 |    65 |    54 ||   141
       Lee's Rapid Decon |       |       |       |     5 |    64 |    12 ||    81
       Passwall          |       |       |       |       |     4 |     4 ||     8
       Iron Shot         |       |       |       |       |    19 |    39 ||    58
       Petrify           |       |       |       |       |     1 |     3 ||     4
       Bolt of Magma     |       |       |       |       |       |    20 ||    20
       Fireball          |       |       |       |       |       |    15 ||    15
       Mephitic Cloud    |       |       |       |       |       |    15 ||    15
       Swiftness         |       |       |       |       |       |     1 ||     1
       Blink             |       |       |       |       |       |     1 ||     1
Invok: Divine Energy     |       |       |       |     1 |       |       ||     1
       Forget Spell      |       |       |       |       |     1 |       ||     1
 Abil: Fly               |       |       |       |       |     1 |     1 ||     2
       Stop Flying       |       |       |       |       |       |     1 ||     1
Evoke: Wand              |       |       |       |     3 |     2 |       ||     5
       Box of beasts     |       |       |       |       |       |     1 ||     1
  Use: Scroll            |     6 |     2 |     5 |     7 |     7 |     4 ||    31
       Potion            |       |       |       |       |       |    17 ||    17
 Stab: Sleeping          |     2 |     2 |     6 |     8 |     6 |     9 ||    33
       Distracted        |       |       |     1 |       |     2 |     1 ||     4
       Petrified         |       |       |       |       |       |     2 ||     2
       Confused          |       |       |       |       |       |     1 ||     1
  Eat: Chunk             |     1 |     7 |     8 |    28 |    33 |    31 ||   108
       Ration            |     1 |       |     1 |     1 |     9 |     7 ||    19
Armor: Robe              |    17 |    62 |   130 |    63 |       |       ||   272
       Troll leather arm |       |       |       |   203 |  1194 |   916 ||  2313
       Leather armour    |       |       |       |    49 |       |       ||    49
Dodge: Dodged            |    27 |    96 |   147 |   335 |  1351 |   861 ||  2817
Block: Buckler           |       |    25 |    60 |   117 |   210 |    12 ||   424
       Other             |       |       |       |       |       |   146 ||   146
       Reflection        |       |       |       |       |       |     7 ||     7
